[Event "Titled Tuesday Blitz July 26 Late 2022"]
[White "Naroditsky, Daniel"]
[Black "Gracia Alvarez, Gerardo Antonio"]
[WhiteFideId "2026961"]
[BlackFideId "5109124"]
[WhiteElo "2608"]
[BlackElo "2139"]
[Result "1-0"]
[Round "01"]
[TimeControl "180+1"]
[Date "2022.07.26"]
[WhiteClock "0:01:26"]
[BlackClock "0:00:14"]

1. c4 e5 2. Nc3 Nf6 3. Nf3 Nc6 4. e4 Bc5 5. Nxe5 Nxe5 6. d4 Bb4 7. dxe5 Nxe4 8. Qd4 Nxc3 9. bxc3 Be7 10. Bd3 d6 11. exd6 Qxd6 12. O-O O-O 13. Re1 Rd8 14. Bf4 Qxd4 15. cxd4 Rxd4 16. Rxe7 Be6 17. Rd1 Rad8 18. Be5 R4d7 19. Rxd7 Rxd7 20. a3 f6 21. Bc3 Kf8 22. c5 Rd5 23. Be2 Rxd1+ 24. Bxd1 Ke7 25. f4 Kd7 26. Bf3 b6 27. Bd4 b5 28. c6+ Kd6 29. Bxa7 1-0


[Site "https://www.chess.com"]

[Event "Titled Tuesday Blitz July 26 Late 2022"]
[White "Nozdrachev, Leonid"]
[Black "Yoo, Christopher Woojin"]
[WhiteFideId "24113433"]
[BlackFideId "30909694"]
[WhiteElo "2100"]
[BlackElo "2105"]
[Result "0-1"]
[Round "01"]
[TimeControl "180+1"]
[Date "2022.07.26"]
[WhiteClock "0:00:02"]
[BlackClock "0:00:05"]

1. e4 c5 2. c3 d5 3. exd5 Qxd5 4. d4 Nf6 5. Nf3 e6 6. Bd3 Be7 7. Be3 O-O 8. O-O Rd8 9. Nbd2 Nc6 10. h3 cxd4 11. cxd4 b6 12. Rc1 Bb7 13. a3 Rac8 14. Qe2 Nb8 15. Rfd1 Qh5 16. Ne5 Qxe2 17. Bxe2 Nd5 18. Bf3 f6 19. Nd3 Kf7 20. Kf1 Ba6 21. Be2 Rxc1 22. Rxc1 Rc8 23. Rxc8 Bxc8 24. Nf4 Nxf4 25. Bxf4 Nc6 26. Nf3 Bb7 27. Bc4 Na5 28. Ba2 Ba6+ 29. Ke1 Nc4 30. Bc1 Nd6 31. Bf4 Bb7 32. Ke2 g5 33. Bd2 h5 34. g4 h4 35. Ne1 Nb5 36. Bc4 Nc7 37. Bd3 Bd5 38. Nf3 Bd6 39. Ne1 Ke7 40. Nc2 Bg2 41. f3 Bxh3 42. Kf2 Nd5 43. Ne3 Bg3+ 44. Kg1 Nf4 45. Be4 Ne2+ 46. Kh1 Nxd4 47. Bb4+ Kf7 48. Nd5 exd5 49. Bxd5+ Kg7 50. Bc3 Ne2 51. Be4 Bf1 52. Bf5 h3 53. Bd4 Bg2# 0-1


[Site "https://www.chess.com"]

[Event "Titled Tuesday Blitz July 26 Late 2022"]
[White "Oparin, Grigoriy"]
[Black "Urbina Perez, Juan Antonio"]
[WhiteFideId "24125890"]
[BlackFideId "2217368"]
[WhiteElo "2639"]
[BlackElo "2192"]
[Result "1-0"]
[Round "01"]
[TimeControl "180+1"]
[Date "2022.07.26"]
[WhiteClock "0:00:34"]
[BlackClock "0:00:25"]

1. c4 c6 2. e3 d5 3. Nf3 Nf6 4. b3 Bf5 5. Bb2 e6 6. Nc3 h6 7. d4 Bd6 8. Bd3 Bxd3 9. Qxd3 Nbd7 10. O-O Qe7 11. a3 a5 12. e4 dxe4 13. Nxe4 Nxe4 14. Qxe4 Nf6 15. Qe2 O-O 16. Rfe1 Rfe8 17. g3 Rad8 18. Kg2 Qc7 19. h4 b5 20. Rac1 bxc4 21. bxc4 Be7 22. Qc2 Rb8 23. Re3 Qb6 24. Ba1 c5 25. d5 exd5 26. Bxf6 Bxf6 27. Rxe8+ Rxe8 28. cxd5 Be7 29. Qd3 Rd8 30. Rd1 a4 31. Ne5 Bd6 32. Nc4 Qb5 33. h5 Qb3 34. Kf3 Qxd3+ 35. Rxd3 Kf8 36. Rd1 Ke7 37. Rb1 Rb8 38. Rxb8 Bxb8 39. Ke4 Bc7 40. Nb2 Kd6 41. Nxa4 Ba5 42. Nb2 f5+ 43. Kd3 Kxd5 44. Nc4 Be1 45. Ne3+ Ke5 46. Ke2 Ba5 47. Nc4+ Kd4 48. Nxa5 c4 49. Nxc4 Kxc4 50. Ke3 Kb3 51. Kf4 Kxa3 52. Kxf5 Kb4 53. Kg6 Kc5 54. Kxg7 1-0


[Site "https://www.chess.com"]

[Event "Titled Tuesday Blitz July 26 Late 2022"]
[White "Ovezdurdyyeva, Jemal"]
[Black "Rastbod, Ali"]
[WhiteFideId "14001888"]
[BlackFideId "12567477"]
[WhiteElo "1946"]
[BlackElo "2135"]
[Result "0-1"]
[Round "01"]
[TimeControl "180+1"]
[Date "2022.07.27"]
[WhiteClock "0:00:11"]
[BlackClock "0:00:05"]

1. e4 Nc6 2. Nf3 g6 3. d4 Bg7 4. Be3 d6 5. Nc3 Bg4 6. Be2 e5 7. d5 Bxf3 8. Bxf3 Nd4 9. Bg4 Nf6 10. Bh3 O-O 11. O-O Re8 12. f3 Nh5 13. Qd2 Nf4 14. Bxf4 exf4 15. Qxf4 Nxc2 16. Rad1 Qf6 17. Qxf6 Bxf6 18. Kf2 Bg5 19. Rh1 a6 20. Rd3 b5 21. g3 Bf6 22. Rc1 Nb4 23. Rd2 a5 24. Nxb5 Reb8 25. Nxc7 Ra7 26. a3 Na2 27. Rc6 Bxb2 28. Ne8 Nc3 29. Nxd6 Bxa3 30. Rxc3 Bxd6 31. f4 a4 32. Ra2 a3 33. e5 Bb4 34. Rd3 Kf8 35. d6 Ke8 36. Bg2 Kd8 37. Bd5 Rc8 38. g4 Rc3 39. Ke2 g5 40. f5 Ra5 41. Rd4 Bc5 42. Rdd2 Re3+ 43. Kd1 Bb4 44. Rd4 Bc3 45. e6 fxe6 46. fxe6 Bxd4 47. Bc4 Rc5 48. e7+ Kd7 49. Bf7 Kxd6 50. e8=Q Rxe8 51. Bxe8 Bb2 52. Ke2 Rc3 53. Kf2 Rh3 54. Kg2 Re3 55. h3 Rxe8 0-1


[Site "https://www.chess.com"]

[Event "Titled Tuesday Blitz July 26 Late 2022"]
[White "Oye-Stromberg, Alexander"]
[Black "Pakleza, Zbigniew"]
[WhiteFideId "1525999"]
[BlackFideId "1119290"]
[WhiteElo "1958"]
[BlackElo "2467"]
[Result "0-1"]
[Round "01"]
[TimeControl "180+1"]
[Date "2022.07.26"]
[WhiteClock "0:00:07"]
[BlackClock "0:00:16"]

1. d4 d6 2. e4 Nf6 3. Nc3 c6 4. Nf3 Bg4 5. h3 Bh5 6. Bd3 e6 7. O-O d5 8. e5 Nfd7 9. Nb1 c5 10. c3 Nc6 11. Be3 Qb6 12. Nbd2 Be7 13. Rb1 Rc8 14. b4 cxd4 15. cxd4 O-O 16. a3 Bg6 17. Bxg6 hxg6 18. Qb3 Qb5 19. Rfc1 Nb6 20. Rc2 a6 21. Rbc1 Na7 22. Bg5 f6 23. Be3 Kf7 24. Rc7 Qa4 25. Qxa4 Nxa4 26. Nb3 Rxc7 27. Rxc7 Rb8 28. Na5 Nb5 29. Rd7 Nb6 30. Rxb7 Rxb7 31. Nxb7 Nxa3 32. Nc5 Bxc5 33. dxc5 Nbc4 34. exf6 gxf6 35. Nd4 e5 36. Nc6 d4 37. Bc1 d3 38. Bxa3 Nxa3 39. Kf1 Ke6 40. Nb8 Kd5 41. Nxa6 Kc4 42. c6 Nb5 43. c7 Nxc7 44. Nxc7 Kc3 45. Ke1 Kc2 46. Nd5 d2+ 47. Ke2 d1=Q+ 48. Ke3 Qd3# 0-1


[Site "https://www.chess.com"]

[Event "Titled Tuesday Blitz July 26 Late 2022"]
[White "Ozates, Tuna"]
[Black "Martinez Alcantara, Jose Eduardo"]
[WhiteFideId "6354521"]
[BlackFideId "3805662"]
[WhiteElo "1887"]
[BlackElo "2703"]
[Result "0-1"]
[Round "01"]
[TimeControl "180+1"]
[Date "2022.07.26"]
[WhiteClock "0:00:03"]
[BlackClock "0:00:09"]

1. e4 c5 2. Nf3 d6 3. d4 cxd4 4. Nxd4 a6 5. c4 e6 6. Nc3 Nf6 7. Be2 b6 8. O-O Bb7 9. f3 Nbd7 10. Be3 Be7 11. Qd2 O-O 12. Rfc1 Qb8 13. a4 Bd8 14. Nb3 Bc7 15. a5 Nc5 16. Nxc5 dxc5 17. g3 Rd8 18. Qe1 Bc6 19. axb6 Bxb6 20. Na4 Bxa4 21. Rxa4 a5 22. Qf2 Qc7 23. Rc3 Nd7 24. Rb3 Ne5 25. f4 Nc6 26. Bxc5 Bxc5 27. Qxc5 Rac8 28. Qb6 Qe7 29. Qe3 e5 30. Bg4 Rb8 31. Rb5 Rxb5 32. cxb5 Nd4 33. Rxa5 Qc5 34. Ra1 Qxb5 35. Rd1 g6 36. fxe5 Qxe5 37. b4 h5 38. Bh3 Rd6 39. Bf1 Nc2 40. Qc1 Rxd1 41. Qxd1 Nxb4 42. Qf3 Nc6 43. h3 Kg7 44. Kg2 Qd4 45. Be2 Ne5 46. Qf4 Qb2 47. Qf2 Qb4 48. Bf3 Qc3 49. Qe2 Qd4 50. Kh2 Qd2 51. Kg2 Qd6 52. Kh2 h4 53. Kg2 hxg3 54. Kxg3 Nd3+ 55. Kh4 Qf4+ 56. Bg4 g5+ 57. Kh5 Qf6 58. Bf5 Nf4+ 0-1


[Site "https://www.chess.com"]

[Event "Titled Tuesday Blitz July 26 Late 2022"]
[White "Paravyan, David"]
[Black "Gaisinsky, Adam"]
[WhiteFideId "4194985"]
[BlackFideId "2620561"]
[WhiteElo "2569"]
[BlackElo "1965"]
[Result "1-0"]
[Round "01"]
[TimeControl "180+1"]
[Date "2022.07.26"]
[WhiteClock "0:02:50"]
[BlackClock "0:00:55"]

1. e4 e5 2. Nf3 Nc6 3. Nc3 Nf6 4. d4 exd4 5. Nxd4 Bb4 6. Nxc6 bxc6 7. Bd3 d5 8. exd5 O-O 9. O-O Bg4 10. f3 Bh5 11. Bg5 cxd5 12. Bxf6 Qxf6 13. Nxd5 Qxb2 14. Rb1 Bc5+ 15. Kh1 Qxa2 16. Rb5 Bd6 17. Nc3 Qa3 18. Nb1 Bxf3 19. Qxf3 Qa4 20. Nc3 Qh4 21. Rh5 1-0


[Site "https://www.chess.com"]

[Event "Titled Tuesday Blitz July 26 Late 2022"]
[White "Pesotskiy, Mikhail"]
[Black "Nakamura, Hikaru"]
[WhiteFideId "34164453"]
[BlackFideId "2016192"]
[WhiteElo "2010"]
[BlackElo "2850"]
[Result "0-1"]
[Round "01"]
[TimeControl "180+1"]
[Date "2022.07.26"]
[WhiteClock "0:01:09"]
[BlackClock "0:02:20"]

1. c4 e5 2. g3 g6 3. Bg2 Bg7 4. Nc3 Nc6 5. Nf3 Nge7 6. O-O O-O 7. d3 d6 8. Rb1 a5 9. a3 h6 10. b4 axb4 11. axb4 Be6 12. b5 Nb8 13. Bb2 Nd7 14. Nd2 Rb8 15. Ra1 Nf6 16. Ra7 Qc8 17. Re1 Bh3 18. Bh1 Nd7 19. Nd5 Nxd5 20. Bxd5 Kh7 21. Qa4 f5 22. Bh1 Qd8 23. Qa3 Qc8 24. Ra1 g5 25. Ra8 Rxa8 0-1


[Site "https://www.chess.com"]

[Event "Titled Tuesday Blitz July 26 Late 2022"]
[White "Petrovic, Aleksa"]
[Black "Goltsev, Dmitry"]
[WhiteFideId "967629"]
[BlackFideId "24176710"]
[WhiteElo "2185"]
[BlackElo "2258"]
[Result "1-0"]
[Round "01"]
[TimeControl "180+1"]
[Date "2022.07.27"]
[WhiteClock "0:00:09"]
[BlackClock "0:00:08"]

1. e4 e6 2. d4 d5 3. Nd2 c5 4. exd5 exd5 5. Ngf3 Nf6 6. Bb5+ Nc6 7. O-O Be7 8. dxc5 Bxc5 9. Re1+ Be6 10. Nb3 Bb6 11. Nbd4 O-O 12. Nxe6 fxe6 13. Rxe6 Bxf2+ 14. Kh1 Ne4 15. Bd3 Bh4 16. Be3 Nf6 17. Nxh4 d4 18. Bc4 Kh8 19. Bg5 Rc8 20. Qd3 Nb4 21. Ng6+ hxg6 22. Qh3+ Nh7 23. Bxd8 Rxc4 24. Be7 Nxc2 25. Bxf8 Nxa1 26. Re1 Nc2 27. Rc1 b5 28. Bd6 Ne3 29. Rxc4 Nxc4 30. Qc8+ Nf8 31. Qxf8+ Kh7 32. Bc5 d3 33. Qd8 d2 34. Bb4 Nxb2 35. Qxd2 Nc4 36. Qd3 a6 37. Qh3+ Kg8 38. Qe6+ Kh7 39. Qxa6 Nb2 40. Qxb5 Nd1 41. Qe2 g5 42. Qxd1 g4 43. Qxg4 g6 44. Bc3 g5 45. Qh5+ Kg8 46. Qg6+ Kf8 47. Qg7+ Ke8 48. Bf6 g4 49. Qe7# 1-0


[Site "https://www.chess.com"]

[Event "Titled Tuesday Blitz July 26 Late 2022"]
[White "Pham, Khoi"]
[Black "Gubajdullin, Alexei"]
[WhiteFideId "1054988"]
[BlackFideId "4141202"]
[WhiteElo "2283"]
[BlackElo "2190"]
[Result "1-0"]
[Round "01"]
[TimeControl "180+1"]
[Date "2022.07.27"]
[WhiteClock "0:00:19"]
[BlackClock "0:00:12"]

1. d4 Nf6 2. c4 g6 3. Nc3 Bg7 4. e4 d6 5. h3 O-O 6. Be3 Na6 7. g4 c5 8. Nge2 cxd4 9. Nxd4 Nc5 10. Bg2 Nfd7 11. O-O a6 12. Rc1 Ne6 13. Nxe6 fxe6 14. f4 Qa5 15. a3 Rb8 16. Qe2 b5 17. c5 dxc5 18. e5 g5 19. fxg5 Rxf1+ 20. Rxf1 c4 21. Bd4 Qc7 22. Qf2 Nxe5 23. Bxe5 Qb6 24. Qxb6 Rxb6 25. Bxg7 Kxg7 26. h4 b4 27. axb4 Rxb4 28. Rf2 Rb6 29. h5 e5 30. Nd5 Re6 31. Be4 Bb7 32. h6+ Kg8 33. Nc7 Rb6 34. Bxb7 Rxb7 35. Ne6 Rb8 36. Kf1 a5 37. Ke1 a4 38. Kd1 c3 39. bxc3 a3 40. Ra2 Ra8 41. Kc2 Kf7 42. Nc5 Kg6 43. Ne4 Ra4 44. Kd3 Ra8 45. c4 Rd8+ 46. Ke3 Ra8 47. c5 Ra6 48. Kd3 Ra4 49. c6 Rd4+ 50. Ke3 Rc4 51. c7 Rxc7 52. Rxa3 Rc6 53. Ra8 Rb6 54. Rg8+ Kf7 55. Rg7+ Ke6 56. Rxh7 Rb3+ 57. Ke2 Kd5 58. Nd2 Rh3 59. Rxe7 Rh2+ 60. Kd1 Rh4 61. h7 Kd4 62. g6 Kd3 63. Rd7+ Ke3 64. Ra7 Rh1+ 65. Kc2 e4 66. g7 Rxh7 67. Ra3+ Ke2 68. g8=Q Rc7+ 69. Rc3 Ra7 70. Qc4+ Kf2 71. Qd4+ Kg2 72. Qxe4+ Kh2 73. Qe2+ Kg1 74. Qf1+ Kh2 75. Rh3# 1-0


[Site "https://www.chess.com"]

[Event "Titled Tuesday Blitz July 26 Late 2022"]
[White "Prieto Aranguren, Alain"]
[Black "Dev, Shah"]
[WhiteFideId "2268906"]
[BlackFideId "35019058"]
[WhiteElo "2224"]
[BlackElo "2048"]
[Result "0-1"]
[Round "01"]
[TimeControl "180+1"]
[Date "2022.07.27"]
[WhiteClock "0:00:02"]
[BlackClock "0:00:04"]

1. d4 d5 2. c4 c6 3. cxd5 cxd5 4. Nc3 Nf6 5. Nf3 Nc6 6. Bf4 Ne4 7. Qb3 Nxc3 8. bxc3 e6 9. e3 Bd6 10. Bg3 O-O 11. Bd3 b6 12. O-O Bb7 13. Rac1 Na5 14. Qa4 Rc8 15. Ne5 f6 16. Nf3 Bxg3 17. hxg3 a6 18. Qc2 b5 19. Bxh7+ Kh8 20. Qg6 Qe8 21. Qxe8 Rfxe8 22. Bg6 Re7 23. Nh4 Rec7 24. Bc2 f5 25. Bb1 Rxc3 26. Rxc3 Rxc3 27. Ng6+ Kg8 28. Ne5 Nc4 29. Nd7 a5 30. Nc5 Bc8 31. g4 fxg4 32. Kh2 b4 33. Kg3 e5 34. Bg6 exd4 35. Kf4 dxe3 36. Na4 Ra3 37. Nc5 Rc3 38. Na4 Ra3 39. Nc5 Rxa2 40. fxe3 Rxg2 41. Kg5 Ne5 42. Bh5 Nf3+ 43. Kg6 Nh4+ 44. Kg5 Nf3+ 45. Kg6 Kf8 46. Ra1 Ne5+ 47. Kg5 Nc4 48. Rf1+ Ke7 49. Rf7+ Kd6 50. Nd3 b3 51. Rxg7 b2 52. Rg6+ Kc7 53. Nxb2 Rxb2 54. Rg7+ Kb8 55. Rg8 Rg2 56. Kf4 a4 57. Bf7 a3 58. Bxd5 Nb6 59. e4 a2 60. Bxa2 Rxa2 61. e5 Re2 62. Re8 Nd5+ 0-1


[Site "https://www.chess.com"]

[Event "Titled Tuesday Blitz July 26 Late 2022"]
[White "Przybylski, Wojciech"]
[Black "Kamsky, Gata"]
[WhiteFideId "1117599"]
[BlackFideId "2000024"]
[WhiteElo "2133"]
[BlackElo "2645"]
[Result "0-1"]
[Round "01"]
[TimeControl "180+1"]
[Date "2022.07.26"]
[WhiteClock "0:00:01"]
[BlackClock "0:00:57"]

1. d4 Nf6 2. Nf3 e6 3. g3 b5 4. Bg2 Bb7 5. O-O c5 6. c3 Be7 7. Nbd2 cxd4 8. cxd4 O-O 9. a4 a6 10. Re1 Nc6 11. e4 Qb6 12. Nb3 Nb4 13. a5 Qa7 14. e5 Nfd5 15. Bg5 h6 16. Bxe7 Nxe7 17. Rc1 Rac8 18. Nc5 Bd5 19. Re3 Nbc6 20. Qd2 Rfd8 21. b4 d6 22. exd6 Rxd6 23. Qb2 Rcd8 24. Rd1 Nf5 25. Red3 Qa8 26. g4 Nfe7 27. h3 Ng6 28. Qd2 Qa7 29. Qc3 Nf4 30. R3d2 Nxg2 31. Kxg2 Ne7 32. Qe3 Ng6 33. Ne4 Rc6 34. Kg1 Rc4 35. Ne5 Nxe5 36. dxe5 Qxe3 37. fxe3 Rxe4 38. Kf2 Rxb4 39. Rd4 Rxd4 40. Rxd4 Rc8 41. e4 Rc4 42. Rd2 Rxe4 0-1


[Site "https://www.chess.com"]

[Event "Titled Tuesday Blitz July 26 Late 2022"]
[White "Quesada Perez, Yuniesky"]
[Black "Cremisi, Daniel"]
[WhiteFideId "3504409"]
[BlackFideId "2089882"]
[WhiteElo "2599"]
[BlackElo "2172"]
[Result "0-1"]
[Round "01"]
[TimeControl "180+1"]
[Date "2022.07.26"]
[WhiteClock "0:00:15"]
[BlackClock "0:01:25"]

1. e4 e6 2. d4 d5 3. e5 c5 4. c3 Nc6 5. Nf3 Qb6 6. a3 Nh6 7. b4 cxd4 8. Bxh6 gxh6 9. cxd4 Bg7 10. Nc3 O-O 11. Bd3 f6 12. exf6 Rxf6 13. O-O Bd7 14. Na4 Qc7 15. Nc5 Be8 16. Ne5 Nxd4 17. f4 b6 18. Nb3 Nxb3 19. Qxb3 Rc8 20. Rae1 Qc3 21. Qb1 Qd4+ 22. Kh1 Rxf4 23. Rxf4 Qxf4 24. Nf3 Bh5 25. Bxh7+ Kh8 26. Rf1 Bxf3 27. gxf3 Be5 0-1


[Site "https://www.chess.com"]

[Event "Titled Tuesday Blitz July 26 Late 2022"]
[White "Rios Escobar, Adan"]
[Black "Yuan, Qingyu"]
[WhiteFideId "3403645"]
[BlackFideId "8609772"]
[WhiteElo "2432"]
[BlackElo "2359"]
[Result "0-1"]
[Round "01"]
[TimeControl "180+1"]
[Date "2022.07.27"]
[WhiteClock "0:00:07"]
[BlackClock "0:00:14"]

1. d4 d5 2. Nf3 Nf6 3. g3 e6 4. Bg2 c5 5. O-O Nc6 6. c4 dxc4 7. dxc5 Qxd1 8. Rxd1 Bxc5 9. Nbd2 c3 10. bxc3 O-O 11. c4 Bd7 12. Bb2 Rfc8 13. Nb3 Be7 14. Rac1 Be8 15. h4 b6 16. Ne5 Rab8 17. Nxc6 Bxc6 18. Be5 Ra8 19. Nd4 Bxg2 20. Kxg2 Ng4 21. Nf3 Rd8 22. Bf4 Bc5 23. e3 f6 24. Bc7 Rf8 25. Nd4 Kf7 26. Nb3 Ba3 27. Rd7+ Kg8 28. Rcd1 Rae8 29. Bd6 Bxd6 30. R1xd6 Rf7 31. c5 Ne5 32. Rd8 Rxd8 33. Rxd8+ Rf8 34. Rxf8+ Kxf8 35. cxb6 axb6 36. f4 Nc4 37. e4 Ke7 38. Kf3 Kd6 39. Ke2 e5 40. Kd3 Na3 41. Nd2 Kc5 42. Nf3 Nc4 43. fxe5 Nxe5+ 44. Nxe5 fxe5 45. Kc3 b5 46. a3 h5 47. Kd3 Kb6 48. Kc3 Ka5 49. Kb3 g6 50. Kb2 Ka4 51. Ka2 b4 52. axb4 Kxb4 53. Kb2 Kc4 54. Kc2 Kd4 55. Kd2 Kxe4 56. Ke2 Kd4 57. Kf3 Kd3 58. g4 e4+ 59. Kf4 e3 60. gxh5 gxh5 61. Kg5 e2 62. Kxh5 e1=Q 63. Kg5 Qe7+ 64. Kg4 Ke4 65. h5 Qg7+ 66. Kh4 Kf3 67. h6 Qg4# 0-1


[Site "https://www.chess.com"]

[Event "Titled Tuesday Blitz July 26 Late 2022"]
[White "Roberson, Peter T"]
[Black "Sjugirov, Sanan"]
[WhiteFideId "412384"]
[BlackFideId "4189302"]
[WhiteElo "2346"]
[BlackElo "2609"]
[Result "1-0"]
[Round "01"]
[TimeControl "180+1"]
[Date "2022.07.26"]
[WhiteClock "0:00:10"]
[BlackClock "0:00:02"]

1. e4 c5 2. c3 Nf6 3. e5 Nd5 4. Bc4 Nb6 5. Bb3 Nc6 6. d4 cxd4 7. cxd4 d5 8. Bc2 Nb4 9. Nc3 Bg4 10. Nge2 Nxc2+ 11. Qxc2 e6 12. Ng3 g6 13. h3 Bf5 14. Nxf5 gxf5 15. Bf4 Rc8 16. Qe2 Nc4 17. O-O Bb4 18. Rac1 Qa5 19. Qf3 h5 20. b3 Nb6 21. Ne2 Kd7 22. a4 Be7 23. Rxc8 Nxc8 24. Rc1 h4 25. Qd3 a6 26. Bd2 Qb6 27. Rc2 Na7 28. Qf3 Nc6 29. Qd3 Rg8 30. Kf1 Bb4 31. Bc3 Rc8 32. Qf3 Rh8 33. Qe3 Be7 34. Bb2 Na5 35. Nc1 Rg8 36. Bc3 Nc6 37. Bb2 Bg5 38. f4 Be7 39. Qf2 Rg3 40. Rc3 Rxc3 41. Bxc3 Ba3 42. Ne2 Qxb3 43. Qxh4 Qxa4 44. Qf6 Nd8 45. h4 Be7 46. Qh8 Qd1+ 47. Kf2 Qh1 48. h5 Bh4+ 49. g3 Qh2+ 50. Kf3 Be7 51. h6 Qh5+ 52. Kf2 Qh2+ 53. Ke3 Qh1 54. h7 Qe4+ 55. Kf2 Qh1 56. Qg7 Qh2+ 57. Ke3 1-0


[Site "https://www.chess.com"]

[Event "Titled Tuesday Blitz July 26 Late 2022"]
[White "Rosen, Eric"]
[Black "Todorovic, Bojan"]
[WhiteFideId "2032562"]
[BlackFideId "917087"]
[WhiteElo "2362"]
[BlackElo "2266"]
[Result "1-0"]
[Round "01"]
[TimeControl "180+1"]
[Date "2022.07.27"]
[WhiteClock "0:00:08"]
[BlackClock "0:00:04"]

1. d4 Nf6 2. Bf4 d6 3. Nc3 g6 4. e4 Bg7 5. Qd2 Nc6 6. O-O-O O-O 7. Bh6 e5 8. d5 Ne7 9. f3 Nh5 10. Nge2 f5 11. Bxg7 Kxg7 12. exf5 Nf4 13. Nxf4 exf4 14. fxg6 Nxg6 15. Bd3 Bf5 16. h4 h5 17. Bxf5 Rxf5 18. Ne4 Re5 19. Ng5 Qf6 20. Ne6+ Kh6 21. g4 Kh7 22. Ng5+ Kh8 23. Ne4 Qe7 24. gxh5 Nxh4 25. Qxf4 Nf5 26. Ng5 Rg8 27. Ne6 Qf6 28. h6 Qg6 29. h7 Re8 30. Rd2 Qg3 31. Qa4 c6 32. Rdd1 Qxf3 33. Kb1 Rxd5 34. Rdf1 Qe2 35. Nf4 Rd4 36. Nxe2 Rxa4 37. Rxf5 Rae4 38. Nc1 R4e7 39. Rfh5 Rg7 40. Rh6 d5 41. b3 Ree7 42. Kb2 Rxh7 43. Rxh7+ Rxh7 44. Rxh7+ Kxh7 45. Kc3 Kg6 46. Kd4 Kf5 47. Nd3 b6 48. Nb4 c5+ 49. Kxd5 cxb4 50. Kc4 Ke5 51. Kxb4 Kd4 52. Kb5 Kc3 53. Ka6 Kxc2 54. Kxa7 Kb2 55. b4 Kxa2 56. b5 Kb3 57. Kxb6 1-0


[Site "https://www.chess.com"]

[Event "Titled Tuesday Blitz July 26 Late 2022"]
[White "Rustemov, Alexander"]
[Black "Zhukova, Natalia"]
[WhiteFideId "4119002"]
[BlackFideId "14101513"]
[WhiteElo "2800"]
[BlackElo "2296"]
[Result "1-0"]
[Round "01"]
[TimeControl "180+1"]
[Date "2022.07.26"]
[WhiteClock "0:01:56"]
[BlackClock "0:00:13"]

1. d4 Nf6 2. c4 c5 3. d5 b5 4. cxb5 a6 5. e3 g6 6. Nc3 Bg7 7. a4 O-O 8. e4 Bb7 9. Bc4 e6 10. Nf3 axb5 11. Bxb5 exd5 12. exd5 Re8+ 13. Be3 Ng4 14. O-O Rxe3 15. fxe3 Nxe3 16. Qd2 Nxf1 17. Rxf1 d6 18. Ng5 Bh6 19. Qf2 f5 20. Ne6 Qf6 21. Qg3 Qe5 22. Qh4 Be3+ 23. Kh1 Na6 24. Qe7 Rb8 25. Re1 f4 26. Be8 Qf5 27. Qg7# 1-0


[Site "https://www.chess.com"]

[Event "Titled Tuesday Blitz July 26 Late 2022"]
[White "Salem, A.R. Saleh"]
[Black "Jian, Alex"]
[WhiteFideId "9301348"]
[BlackFideId "30901022"]
[WhiteElo "2679"]
[BlackElo "2095"]
[Result "1-0"]
[Round "01"]
[TimeControl "180+1"]
[Date "2022.07.26"]
[WhiteClock "0:00:31"]
[BlackClock "0:00:02"]

1. d4 Nf6 2. c4 e6 3. Nc3 d5 4. cxd5 Nxd5 5. e3 c5 6. Bd3 Nc6 7. Nf3 cxd4 8. exd4 Bb4 9. O-O O-O 10. Bc2 Be7 11. Qd3 g6 12. a3 Bf6 13. Re1 b6 14. Bh6 Re8 15. Nxd5 Qxd5 16. Bb3 Qd6 17. d5 Bb7 18. Qe3 Na5 19. dxe6 Nxb3 20. exf7+ Kxf7 21. Qxb3+ Qd5 22. Qa4 Bc6 23. Qf4 Qf5 24. Qc7+ Qd7 25. Qg3 Kg8 26. Ne5 Bxe5 27. Rxe5 Rxe5 28. Qxe5 Re8 29. Qc3 Bd5 30. h3 Rc8 31. Qd4 Qf5 32. Qg7# 1-0


[Site "https://www.chess.com"]

[Event "Titled Tuesday Blitz July 26 Late 2022"]
[White "Semenenko, Dmytry"]
[Black "Vasquez Schroeder, Rodrigo"]
[WhiteFideId "14118645"]
[BlackFideId "3400042"]
[WhiteElo "2113"]
[BlackElo "2567"]
[Result "0-1"]
[Round "01"]
[TimeControl "180+1"]
[Date "2022.07.27"]
[WhiteClock "0:00:11"]
[BlackClock "0:00:33"]

1. Nf3 c5 2. c4 Nf6 3. Nc3 e6 4. e3 d5 5. cxd5 Nxd5 6. d4 cxd4 7. Qxd4 Nxc3 8. Qxd8+ Kxd8 9. bxc3 Nd7 10. Ng5 Ke8 11. Bd3 Be7 12. e4 Nc5 13. Bc2 h6 14. Nf3 b6 15. Be3 Bb7 16. Nd2 Rd8 17. Ke2 Ba6+ 18. c4 Bf6 19. Rad1 Bd4 20. Bb3 Ke7 21. Nf3 Bxe3 22. Kxe3 Bb7 23. Bc2 f6 24. Nd4 a6 25. f4 g6 26. Nb3 Nd7 27. Rd2 Rc8 28. Rhd1 Rhd8 29. Bd3 e5 30. g3 a5 31. a4 Bc6 32. Ra1 Nc5 33. Nxc5 bxc5 34. Rb2 Rb8 35. Rab1 Rb4 36. Rxb4 cxb4 37. c5 Rd4 38. Bb5 Rxe4+ 39. Kd3 Rd4+ 40. Ke3 Bd5 41. c6 Kd6 42. Rc1 Kc7 43. Rc5 Re4+ 44. Kd3 Rd4+ 45. Ke3 g5 46. fxe5 fxe5 47. Bd3 Bxc6 48. Bb5 Rd6 49. Rxe5 Kb6 50. Bxc6 Rxc6 51. Rb5+ Ka6 52. Re5 Rd6 53. h4 gxh4 54. gxh4 Rb6 55. Kd2 b3 56. Kc1 Rb4 57. Kb2 Rxa4 58. Re6+ Kb5 59. Rxh6 Rb4 60. Rh8 a4 61. h5 Rh4 62. h6 Rh2+ 63. Kc3 Rh3+ 64. Kb2 Rh2+ 65. Kc3 Rc2+ 66. Kd3 Rc7 67. h7 Kc6 68. Ra8 Rxh7 69. Rxa4 Kb5 70. Ra8 Rc7 71. Rb8+ Ka4 72. Ra8+ Kb4 73. Rb8+ Ka3 74. Ra8+ Kb2 75. Rb8 Ka2 76. Kd2 b2 77. Ra8+ Kb1 78. Rb8 Rc4 79. Rb3 Ka2 80. Rb8 b1=Q 81. Ra8+ Kb2 82. Rb8+ Ka1 83. Rxb1+ Kxb1 0-1


[Site "https://www.chess.com"]

[Event "Titled Tuesday Blitz July 26 Late 2022"]
[White "Silvestre, Christian"]
[Black "Blanco Ronquillo, Humberto L."]
[WhiteFideId "30956269"]
[BlackFideId "3504239"]
[WhiteElo "2337"]
[BlackElo "2423"]
[Result "0-1"]
[Round "01"]
[TimeControl "180+1"]
[Date "2022.07.27"]
[WhiteClock "0:00:01"]
[BlackClock "0:00:03"]

1. Nf3 d5 2. b3 Bf5 3. Bb2 e6 4. d3 h6 5. Nbd2 Nf6 6. c4 Be7 7. g3 O-O 8. Bg2 c5 9. cxd5 exd5 10. O-O Nc6 11. a3 Bh7 12. Rc1 Rc8 13. Qc2 d4 14. Qb1 Re8 15. Rc2 Bf8 16. Re1 Qd7 17. Qc1 b6 18. Nc4 Nd5 19. h4 Bf5 20. Kh2 Bg4 21. Ncd2 Re6 22. b4 Rce8 23. bxc5 bxc5 24. Ne4 Na5 25. Rxc5 Nb3 26. Qc4 Nxc5 27. Nxc5 Bxc5 28. Qxc5 Rxe2 29. Qxd4 Nf6 30. Rxe2 Rxe2 31. Qxd7 Nxd7 32. Bd4 a5 33. Be3 Ra2 34. Nd4 Rxa3 35. Be4 Nc5 36. Nb5 Rb3 37. Bxc5 Rxb5 38. d4 Rb2 39. Bc6 Rxf2+ 40. Kg1 Rc2 41. Ba4 Ra2 42. Bb3 Rb2 43. Ba4 Be6 44. Bc6 Bb3 45. d5 Rd2 46. d6 a4 47. d7 Rd1+ 0-1


[Site "https://www.chess.com"]

[Event "Titled Tuesday Blitz July 26 Late 2022"]
[White "Suder, Jakub"]
[Black "Pranav, V"]
[WhiteFideId "1195310"]
[BlackFideId "25060783"]
[WhiteElo "2071"]
[BlackElo "2380"]
[Result "1/2-1/2"]
[Round "01"]
[TimeControl "180+1"]
[Date "2022.07.26"]
[WhiteClock "0:00:03"]
[BlackClock "0:00:09"]

1. d4 Nf6 2. c4 Nc6 3. Nf3 e6 4. Nc3 Bb4 5. Qc2 d6 6. g3 O-O 7. Bg2 h6 8. O-O Bxc3 9. Qxc3 Qe7 10. b3 e5 11. dxe5 dxe5 12. Bb2 Re8 13. e3 Bf5 14. Rad1 Qe6 15. Rfe1 Bh3 16. Bh1 Rad8 17. Rxd8 Rxd8 18. Nxe5 Ne7 19. Nd3 Ng6 20. Nf4 Nxf4 21. exf4 Qa6 22. a3 h5 23. Bf3 Qb6 24. Qe3 Qd6 25. Bg2 Bxg2 26. Kxg2 Ng4 27. Qc3 Qc6+ 28. Kg1 Qg6 29. f5 Qg5 30. h3 Nf6 31. Qf3 Qd2 32. Re2 Qd1+ 33. Kg2 Nh7 34. Re8+ Nf8 35. Qxd1 Rxd1 36. a4 c5 37. a5 b6 38. a6 f6 39. Re7 Rd7 40. Rxd7 Nxd7 41. g4 hxg4 42. hxg4 Nb8 43. Kf3 Nxa6 44. Ke4 Nc7 45. Bc1 Kf7 46. Bf4 Na6 47. Kd5 Nb4+ 48. Kd6 Nd3 49. Be3 Ne5 50. g5 a5 51. g6+ Ke8 52. Kc7 a4 53. bxa4 Nxc4 54. Bc1 Ke7 55. Kc6 Kd8 56. Kb5 Ne5 57. Kxb6 Nd3 58. Be3 c4 59. a5 Kc8 60. a6 Kb8 61. Bd4 Nf4 62. Kb5 Nd5 63. Kxc4 Ne7 64. Bxf6 Nxf5 65. Bxg7 Nxg7 66. f4 Nf5 67. Kd5 Ne7+ 68. Ke6 Nxg6 69. f5 Nf8+ 70. Ke7 Nh7 71. Kf7 Ng5+ 72. Kg6 Ne4 73. f6 Nd6 74. Kg7 Ne8+ 75. Kf7 Nd6+ 76. Ke7 Nf5+ 77. Ke6 Nh6 78. f7 Nxf7 79. Kxf7 Ka7 1/2-1/2


[Site "https://www.chess.com"]